 Dungeon Crawl Stone Soup version 0.29.0-11-gd7f09526c8 (webtiles) character file.

Game seed: 14893104759408947358

100 Powertoast the Insei (level 4, -4/51 HPs)
             Began as a Merfolk Transmuter on Sept 3, 2022.
             Slain by Pikel
             ... wielding a +1 whip of flaming
              (6 damage)
             ... on level 4 of the Dungeon.
             The game lasted 00:11:46 (3842 turns).

Powertoast the Insei (Merfolk Transmuter)           Turns: 3842, Time: 00:11:46

Health: -4/51      AC: 22    Str: 10    XL:     4   Next: 74%
Magic:  7/7        EV:  2    Int: 14    God:
Gold:   59         SH:  0    Dex: 14    Spells: 4/7 levels left

rFire   . . .      SeeInvis .   f - +1 dagger (freeze)
rCold   . . .      Faith    .   (no shield)
rNeg    . . .      Spirit   .   (body armour currently unavailable)
rPois   +          Reflect  .   (helmet currently unavailable)
rElec   .          Harm     .   (cloak currently unavailable)
rCorr   .          Rampage  .   (gloves currently unavailable)
Will    .....      NoTele   +   (boots currently unavailable)
Stlth   ++........              (no amulet)
HPRegen 0.17/turn               (no ring)
MPRegen 0.10/turn               (no ring)

@: tree-form
A: stationary, stasis, torment immunity, boosted hp, (nimble swimmer 2),
(mertail)
a: no special abilities


You were on level 4 of the Dungeon.
You were a tree.
You visited 1 branch of the dungeon, and saw 4 of its levels.

You collected 139 gold pieces.
You spent 80 gold pieces at shops.

Inventory:

Hand Weapons
 f - a +1 dagger of freezing (weapon)
Armour
 a - a +0 robe (melded)
 p - a +0 cloak (melded)
 s - a +2 hat of willpower (melded)
Scrolls
 c - 2 scrolls of fear {unknown}
 d - a scroll of immolation {unknown}
 h - a scroll of identify {unknown}
 i - a scroll of teleportation
 l - a scroll of poison
 q - a scroll of noise {unknown}
Potions
 b - 2 potions of lignification
 e - 4 potions of heal wounds
 g - a potion of attraction {unknown}
 j - a potion of ambrosia {unknown}
 k - 2 potions of resistance {unknown}
 m - a potion of haste {unknown}
 n - a potion of cancellation {unknown}
 o - a potion of curing
 r - a potion of mutation {unknown}


   Skills:
 + Level 2.9 Fighting
 - Level 3.0 Dodging
 - Level 3.0 Stealth
 - Level 4.0 Unarmed Combat
 - Level 2.0 Spellcasting
 - Level 2.6 Transmutations


You had 4 spell levels left.
You knew the following spells:

 Your Spells              Type           Power      Damage    Failure   Level
a - Beastly Appendage     Tmut           16%        N/A       8%          1
b - Wereblood             Tmut           8%         N/A       12%         2

Your spell library contained the following spells:

 Spells                   Type           Power      Damage    Failure   Level
 Freeze                   Ice            4%         1d3       24%         1
 Necrotise                Necr           4%         1d4       24%         1
 Slow                     Hex            4%         N/A       24%         1
 Spider Form              Tmut/Pois      5%         N/A       38%         3
 Call Canine Familiar     Summ           1%         N/A       56%         3
 Confusing Touch          Hex            1%         N/A       56%         3
 Frozen Ramparts          Ice            2%         1d1       56%         3
 Portal Projectile        Hex/Tloc       2%         N/A       56%         3
 Vampiric Draining        Necr           1%         2d6       56%         3
 Ice Form                 Ice/Tmut       5%         N/A       80%         4
 Hailstorm                Conj/Ice       1%         3d3       93%         4
 Leda's Liquefaction      Hex/Erth       0%         N/A       93%         4
 Summon Ice Beast         Ice/Summ       1%         N/A       93%         4
 Agony                    Necr           1%         N/A       100%        5


Dungeon Overview and Level Annotations

Branches:
Dungeon (4/15)
 Temple: D:4-7

Altars:
Vehumet

Shops:
D:2 !

Annotations:
D:4 Pikel


Innate Abilities, Weirdness & Mutations

You are a tree.
Your roots penetrate the ground, keeping you stationary.
You cannot be teleported.
You are immune to unholy pain and torment.
Your maximum health is greatly increased.
Your equipment is partially melded.
((You are very nimble when in or above water. (Stealth+, EV+, Speed+++)))
((Your lower body shifts to a powerful aquatic tail in water.))


Message History

You barely miss Pikel.
Pikel is severely wounded.
Pikel hits you with a +1 whip of flaming.
* * * LOW HITPOINT WARNING * * *
Pikel burns you.
* * * LOW HITPOINT WARNING * * *
You hit Pikel but do no damage.
Pikel is severely wounded.
Pikel hits you with a +1 whip of flaming.
* * * LOW HITPOINT WARNING * * *
Pikel burns you.
* * * LOW HITPOINT WARNING * * *
You hit Pikel but do no damage.
Pikel is severely wounded.
Pikel completely misses you.
You hit Pikel. You freeze Pikel.
Pikel is severely wounded.
Pikel hits you but does no damage.
You hit Pikel but do no damage. Your punch misses Pikel.
Pikel is severely wounded.
Pikel hits you but does no damage.
You closely miss Pikel.
Pikel is severely wounded.
Pikel hits you but does no damage.
You hit Pikel but do no damage.
Pikel is severely wounded.
Pikel hits you but does no damage.
You hit Pikel but do no damage.
Pikel is severely wounded.
Pikel hits you but does no damage.
You hit Pikel but do no damage.
Pikel is severely wounded.
Pikel hits you with a +1 whip of flaming.
* * * LOW HITPOINT WARNING * * *
Pikel burns you.
* * * LOW HITPOINT WARNING * * *
You barely miss Pikel. Your punch misses Pikel.
Pikel is severely wounded.
Pikel hits you with a +1 whip of flaming.
You die...

......≈#...# .
...≈..§###.# ..
##.5..≈# #.# .......##
##...≈# #5# .. ......
#5..§# #>###.# ....#
##...≈# #5....# ....#
##....≈# #..#### ...
...≈..≈###..)######.##
......≈#....555K♣....#
..[§..§####..####..###
.≈≈≈≈≈≈# #..# #..#
'####### #..# #..# .#
#..# #..# ?# #... #..#
.# ##.. #..# .# #..#
#..# K# #..# #..#


You could see Pikel and 3 lemures.

Vanquished Creatures
  Jessica (D:2)
  An adder (D:2)
  4 worms
  4 endoplasms
  2 giant cockroaches
  3 goblins
  7 hobgoblins
  2 jackals (D:3)
  3 quokkas
  12 ball pythons
  6 bats
  A frilled lizard (D:1)
  4 kobolds
  2 rats (D:1)
52 creatures vanquished.

Vanquished Creatures (others)
  12 plants (D:4)
12 creatures vanquished.

Grand Total: 64 creatures vanquished

Notes
Turn   | Place    | Note
-------+----------+-------------------------------------------
     0 | D:1      | Powertoast the Merfolk Transmuter began the quest for the
                  | Orb.
     0 | D:1      | Reached XP level 1. HP: 15/15 MP: 3/3
   556 | D:1      | Reached XP level 2. HP: 21/21 MP: 3/5
   667 | D:1      | Reached skill level 4 in Unarmed Combat
   745 | D:1      | Found a faded altar of an unknown god.
   902 | D:1      | Reached skill level 1 in Stealth
  1685 | D:2      | Reached XP level 3. HP: 26/26 MP: 6/6
  2250 | D:2      | Noticed Jessica
  2259 | D:2      | Killed Jessica
  2260 | D:2      | Reached XP level 4. HP: 31/34 MP: 5/7
  2289 | D:2      | Found Etiyxi Hefu's Distillery.
  2297 | D:2      | Bought a potion of heal wounds for 50 gold pieces
  2297 | D:2      | Bought a potion of curing for 30 gold pieces
  2613 | D:3      | Found a radiant altar of Vehumet.
  3161 | D:3      | Learned a level 2 spell: Wereblood
  3758 | D:4      | Noticed a lemure
  3759 | D:4      | Noticed a lemure
  3759 | D:4      | Noticed a lemure
  3760 | D:4      | Noticed Pikel
  3778 | D:4      | Noticed a lemure
  3841 | D:4      | HP: 2/51 [Pikel/+1 whip of flaming (2)]
  3842 | D:4      | Slain by Pikel

Illustrated notes

Levels and vault maps discovered:
D:1:      sevenhm_arrival_forest_fort_large_2, layout_basic,
          chequers_ecumenical_altar_lobes
D:2:      layout_loops_ring, serial_shops, nicolae_shop_crystal, uniq_jessica
D:3:      layout_loops_cross, lemuel_crystal_altar
D:4:      layout_loops_ring, minitemple, grunt_ministairs_8,
          serial_bayou_lagoon_a, kennysheep_path_1, uniq_pikel

Skill      XL: |  1  2  3  4 |
---------------+-------------+-----
Unarmed Combat | 4 |  4.0
Stealth        | 1 2 3 |  3.0
Dodging        | 3 |  3.0
Fighting       | 2 |  2.9
Spellcasting   | |  2.0
Transmutations | |  2.6

Action                   |  1- 3 |  4- 6 || total
-------------------------+-------+-------++-------
Melee: Unarmed           |    15 |       ||    15
       Dagger            |    85 |    90 ||   175
       Headbutt          |     6 |     2 ||     8
       Punch             |       |     3 ||     3
 Cast: Beastly Appendage |    12 |     2 ||    14
       Wereblood         |       |     1 ||     1
  Use: Scroll            |     1 |     3 ||     4
       Potion            |       |     1 ||     1
 Stab: Sleeping          |     4 |     3 ||     7
Armor: Robe              |    19 |     8 ||    27
       Skin              |       |    13 ||    13
Dodge: Dodged            |    64 |    37 ||   101
